 Dungeon Crawl Stone Soup version 0.31-a0-1393-g8a68c6e (webtiles) character file.

Game seed: 13700076926256387273

520 wavewave1 the Cudgeller (level 7, -2/60 HPs)
             Began as a Minotaur Berserker on Dec 24, 2023.
             Was a Priest of Trog.
             Slain by a kobold brigand
             ... wielding a +2 whip of electrocution
              (18 damage)
             ... in a sewer.
             The game lasted 00:24:06 (3949 turns).

wavewave1 the Cudgeller (Minotaur Berserker)        Turns: 3949, Time: 00:24:07

Health: -2/60      AC:  6    Str: 24    XL:     7   Next: 1%
Magic:  6/6        EV: 11    Int:  4    God:    Trog [***...]
Gold:   141        SH:  0    Dex:  9    Spells: 6/6 levels left

rFire   . . .        a - +0 mace
rCold   . . .        (no shield)
rNeg    . . .        e - +0 ring mail
rPois   .            (helmet restricted)
rElec   .            (no cloak)
rCorr   .            (no gloves)
SInv    .            (no boots)
Will    .....        (no amulet)
Stlth   +            (no ring)
HPRegen 0.30/turn    (no ring)
MPRegen 0.10/turn

%: no passive effects
@: no status effects
A: horns 2, retaliatory headbutt
a: Renounce Religion, Berserk, Trog's Hand


You were in a sewer.
You worshipped Trog.
Trog was most pleased with you.
You visited 2 branches of the dungeon, and saw 6 of its levels.
You also visited: Sewer.

You collected 141 gold pieces.

Inventory:

Hand Weapons
 a - a +0 mace (weapon)
Armour
 e - a +0 ring mail (worn)
 f - a +0 leather armour
Jewellery
 d - an amulet of regeneration
Scrolls
 b - 2 scrolls of teleportation {unknown}
 c - 2 scrolls of summoning {unknown}
 g - a scroll of poison {unknown}
 k - a scroll of identify {unknown}
 l - a scroll of noise {unknown}
Potions
 h - 2 potions of haste {unknown}
 i - a potion of resistance {unknown}
 j - a potion of lignification {unknown}


   Skills:
 * Level 4.8 Fighting
 * Level 7.2 Maces & Flails
 * Level 5.1 Armour
 * Level 3.3 Dodging
 - Level 0.4 Stealth


You had 6 spell levels left.
You didn't know any spells.
Your spell library contained the following spells:

 Spells                   Type           Power      Damage    Failure   Level
 Sting                    Conj/Alch      0%         1d3       65%         1
 Hailstorm                Conj/Ice       0%         3d5       95%         3
 Inner Flame              Hex/Fire       0%         N/A       95%         3
 Summon Ice Beast         Ice/Summ       0%         N/A       100%        4
 Irradiate                Conj/Alch      0%         3d11      100%        5
 Simulacrum               Ice/Necr       0%         N/A       100%        6
 Ignition                 Fire           0%         3d3       100%        8


Dungeon Overview and Level Annotations

Branches:
Dungeon (5/15)             Temple (1/1) D:4           Sewer (1/1)

Altars:
Cheibriados
Elyvilon
Gozag
Hepliaklqana
Makhleb
Trog
Uskayaw
Wu Jian
Xom
Yredelemnul
Zin
The Shining One

Shops:
D:3 :


Innate Abilities, Weirdness & Mutations

You have a pair of horns on your head.
You reflexively headbutt those who attack you in melee.


Message History

The kobold is severely wounded.
The kobold brigand barely misses you. The kobold barely misses you.
You closely miss the kobold.
You headbutt the kobold, but do no damage.
The kobold is severely wounded.
The kobold brigand barely misses you. The kobold hits you but does no damage.
The kobold brigand hits you with a +2 whip of electrocution.
You are electrocuted!
The kobold misses you.
You hit the kobold but do no damage.
The kobold is severely wounded.
The kobold brigand hits you with a +2 whip of electrocution.
The kobold hits you but does no damage.
You hit the kobold but do no damage. You headbutt the kobold.
You kill the kobold!
Trog accepts your kill. The kobold brigand misses you.
You closely miss the kobold brigand.
The kobold brigand hits you with a +2 whip of electrocution.
You hit the kobold brigand.
Your headbutt misses the kobold brigand.
The kobold brigand is lightly wounded.
The kobold brigand closely misses you. You furiously retaliate!
You headbutt the kobold brigand. You hit the kobold brigand.
Your punch misses the kobold brigand.
The kobold brigand is moderately wounded.
The kobold brigand hits you with a +2 whip of electrocution!
You are too injured to fight recklessly!
You are too injured to fight recklessly!
You are too injured to fight recklessly!
You are too injured to fight recklessly!
You completely miss the kobold brigand.
The kobold brigand is moderately wounded.
The kobold brigand hits you with a +2 whip of electrocution!
You sock the kobold brigand!
You headbutt the kobold brigand, but do no damage.
The kobold brigand is heavily wounded.
The kobold brigand hits you with a +2 whip of electrocution.
* * * LOW HITPOINT WARNING * * *
You are electrocuted!!
You die...

# ≈ ##!## ≈ ##!.!## ≈
#~...~# ###########
#≈...≈# ≈≈≈≈≈≈~..'.~
#≈...≈# ≈≈≈≈≈≈~~†#.~
#~...≈#
≈≈≈≈≈≈≈~.#..~##≈K..≈#
≈≈≈≈≈≈~~.#.~≈ #~@).~#
≈≈≈≈≈≈~).#.~~###'''##
≈~≈~~.)..#.~≈##.....##
~###≈#.####†###..§...#
.))....≈~#...#.....§.+
..)...≈≈≈≈...'.§._...+
.......≈~#...#)....§.+
##~###.####.###..§...#
≈≈~≈≈~...#..~##.....##


You could see a kobold brigand.

Vanquished Creatures
  A phantom (D:5)
  A bombardier beetle (D:3)
  A quasit (Sewer)
  A sleepcap (D:4)
  A hound (D:4)
  A jelly (D:4)
  2 iguanas
  7 adders
  A river rat (D:5)
  4 shadow imps (Sewer)
  3 ufetubi (Sewer)
  4 worms (D:5)
  4 dart slugs
  7 orcs
  6 endoplasms
  3 giant cockroaches
  6 goblins
  7 hobgoblins
  2 jackals (D:4)
  3 quokkas (D:2)
  10 ball pythons
  6 bats
  2 frilled lizards
  13 kobolds
  2 kobold zombies (Sewer)
  10 rats
108 creatures vanquished.

Notes
Turn   | Place    | Note
-------+----------+-------------------------------------------
     0 | D:1      | wavewave1 the Minotaur Berserker began the quest for the
                  | Orb.
     0 | D:1      | Reached XP level 1. HP: 19/19 MP: 0/0
    81 | D:1      | Found a faded altar of an unknown god.
    94 | D:1      | Got Plato's Spellbook of Chrysopoeia
   131 | D:1      | Reached XP level 2. HP: 27/27 MP: 1/1
   204 | D:1      | Reached skill level 4 in Maces & Flails
   670 | D:2      | Reached XP level 3. HP: 32/33 MP: 2/2
   728 | D:2      | Reached ** piety under Trog
  1203 | D:2      | Reached skill level 5 in Maces & Flails
  1757 | D:3      | Reached XP level 4. HP: 40/40 MP: 3/3
  1915 | D:3      | Found a shimmering altar of Xom.
  1955 | D:3      | Found Zoav Ugaru's Book Shop.
  1964 | D:3      | Found an ornate altar of the Wu Jian Council.
  2068 | D:3      | Found a glowing silver altar of Zin.
  2413 | D:4      | Reached *** piety under Trog
  2414 | D:4      | Reached XP level 5. HP: 46/46 MP: 4/4
  2429 | D:4      | Found a staircase to the Ecumenical Temple.
  2623 | D:4      | Reached skill level 6 in Maces & Flails
  3160 | D:4      | Reached XP level 6. HP: 33/53 MP: 5/5
  3373 | Temple   | Entered the Ecumenical Temple
  3425 | D:5      | Entered Level 5 of the Dungeon
  3677 | D:5      | Found a glowing drain.
  3686 | Sewer    | Entered a sewer
  3708 | Sewer    | Reached skill level 7 in Maces & Flails
  3818 | Sewer    | Reached skill level 5 in Armour
  3889 | Sewer    | Found a burning altar of Makhleb.
  3916 | Sewer    | Reached XP level 7. HP: 56/60 MP: 6/6
  3949 | Sewer    | Slain by a kobold brigand

Illustrated notes

Levels and vault maps discovered:
D:1:      dreamdust_arrival_sigmund_warning, layout_basic,
          shapermc_ecumenical_altar_rom_forum, minmay_pentomino_s2
D:2:      layout_loops_corners
D:3:      layout_loops_ring, zin_treasury, nicolae_wu_jian_wuxing_cycle,
          mainiacjoe_overflow_brackets, serial_shops, shop, item_on_display_a
D:4:      layout_basic, minmay_temple_entry_water_ring, hellmonk_no_cap
D:5:      layout_basic, general_overflow_altar, lemuel_tele_altar,
          lightli_sewer_entry_pipes, abandoned_shop, lexackson_kobold_supper
Temple:   hellmonk_temple_forest_ring
Sewer:    kennysheep_sewer_church

Skill      XL: |  1  2  3  4  5  6 |
---------------+-------------------+-----
Maces & Flails | 4 5 6 7 |  7.2
Fighting       | 4 |  4.8
Armour         | 3 4 5 |  5.1
Dodging        | 3 |  3.3
Stealth        | |  0.4

Action                     |  1- 3 |  4- 6 |  7- 9 || total
---------------------------+-------+-------+-------++-------
  Melee: Mace              |    65 |   167 |    12 ||   244
         Headbutt          |     6 |    19 |     3 ||    28
         Punch             |       |     1 |       ||     1
 Invoke: Berserk           |       |     2 |       ||     2
 Armour: Animal skin       |     6 |       |       ||     6
         Ring mail         |    24 |    96 |    13 ||   133
         Leather armour    |     3 |       |       ||     3
  Dodge: Dodged            |    43 |    89 |    10 ||   142

Table legend: (Time is in decaauts)
 A = Elapsed time spent in this place.
 B = Non-inter-level travel time spent in this place.
 C = Inter-level travel time spent in this place.
 D = Time resting spent in this place.
 E = Time spent auto-exploring this place.
 F = Levels seen in this place.
 G = Mean time per level.
                   A        B        C        D        E       F      G
               +--------+--------+--------+--------+--------+-----+--------+
         Total |   4037 |   3955 |     82 |    206 |   2905 |   7 |  576.7 |
       Dungeon |   3736 |   3665 |     71 |    206 |   2733 |   5 |  747.2 |
        Temple |     32 |     21 |     11 |      0 |      0 |   1 |   32.0 |
         Sewer |    268 |    268 |      0 |      0 |    172 |   1 |  268.0 |
               +--------+--------+--------+--------+--------+-----+--------+

Top non-repeatable levels by time:
     D:4: 1066 daAuts
     D:2: 971 daAuts
     D:3: 729 daAuts
     D:1: 667 daAuts
     D:5: 300 daAuts
   Sewer: 268 daAuts
  Temple: 32 daAuts
